AAA EAST
WORCESTER RED SOX @ BUFFALO BISONS
08/18/2041
 
TOP OF THE 1ST
Worcester Red Sox batting - Pitching for Buffalo Bisons : RHP Robbie Good
Pitching: RHP Robbie Good
Batting: RHB Chris Smith 0-0: Ball
1-0: Ball
2-0: SINGLE (Line Drive, 3D, EV 70.0 MPH)
Batting: RHB Ron Walker 0-0: Ball
1-0: Called Strike
1-1: Called Strike
1-2: Foul Ball, location: 2F
1-2: Ball
2-2: Foul Ball, location: 2F
2-2: Foul Ball, location: 9LSF
2-2: Ground out 6-3 (Groundball, P, EV 82.5 MPH)
Chris Smith to second
Batting: LHB Doug Cunningham 0-0: Ball
1-0: Called Strike
1-1: Swinging Strike
1-2: Foul Ball, location: 2RF
1-2: Strikes out swinging
Batting: LHB Ernesto Mata 0-0: Fly out, F9 (Flyball, 9S, EV 78.8 MPH)
Top of the 1st over - 0 runs, 1 hit, 0 errors, 1 left on base; Worcester 0 - Buffalo 0
BOTTOM OF THE 1ST
Buffalo Bisons batting - Pitching for Worcester Red Sox : LHP Erik Guy
Pitching: LHP Erik Guy
Batting: RHB Sergio Romero 0-0: Called Strike
0-1: Ball
1-1: Foul Ball, location: 2F
1-2: DOUBLE (Groundball, 5L, EV 106.9 MPH)
Batting: RHB Jeff Jones 0-0: Ball
Sergio Romero is caught stealing 3rd base 2-5
1-0: Foul Ball, location: 5FF
1-1: Fly out, F8 (Line Drive, 8LD, EV 86.9 MPH)
Batting: SHB Eustachio Tucci 0-0: Ground out 6-3 (Groundball, 6S, EV 83.1 MPH)
Bottom of the 1st over - 0 runs, 1 hit, 0 errors, 0 left on base; Worcester 0 - Buffalo 0
TOP OF THE 2ND
Worcester Red Sox batting - Pitching for Buffalo Bisons : RHP Robbie Good
Batting: RHB Bob Robinson 0-0: Called Strike
0-1: Swinging Strike
0-2: Ball
1-2: Foul Ball, location: 7LMF
1-2: Fly out, F9 (Flyball, 9LS, EV 75.0 MPH)
Batting: RHB Norm Nelson 0-0: Fly out, F3 (Popup, 3SF, EV 83.8 MPH)
Batting: SHB Rubén Díaz 0-0: Ball
1-0: Ball
2-0: Ball
3-0: Called Strike
3-1: Fly out, F7 (Line Drive, 78M, EV 101.9 MPH)
Top of the 2nd over - 0 runs, 0 hits, 0 errors, 0 left on base; Worcester 0 - Buffalo 0
BOTTOM OF THE 2ND
Buffalo Bisons batting - Pitching for Worcester Red Sox : LHP Erik Guy
Batting: RHB José Valadez 0-0: Ball
1-0: Called Strike
1-1: Ball
2-1: Called Strike
2-2: Ball
3-2: Fly out, F8 (Flyball, 8RD, EV 108.1 MPH)
Batting: SHB José Mora 0-0: Called Strike
0-1: Ball
1-1: Ball
2-1: Called Strike
2-2: Foul Ball, location: 5FF
2-2: Ball
3-2: Ground out 5-3 (Groundball, 56, EV 103.8 MPH)
Batting: RHB Doug Dixon 0-0: Foul Ball, location: 2F
0-1: Swinging Strike
0-2: Strikes out swinging
Bottom of the 2nd over - 0 runs, 0 hits, 0 errors, 0 left on base; Worcester 0 - Buffalo 0
TOP OF THE 3RD
Worcester Red Sox batting - Pitching for Buffalo Bisons : RHP Robbie Good
Batting: RHB Israel Barrón 0-0: Ball
1-0: Ball
2-0: Called Strike
2-1: Foul Ball, location: 23FF
2-2: Strikes out swinging
Batting: RHB Jeremiah Price 0-0: Fly out, F9 (Flyball, 89M, EV 88.8 MPH)
Batting: RHB Chris Smith 0-0: Foul Ball, location: 3SF
0-1: Swinging Strike
0-2: Strikes out swinging, 2-3 out at first.
Top of the 3rd over - 0 runs, 0 hits, 0 errors, 0 left on base; Worcester 0 - Buffalo 0
BOTTOM OF THE 3RD
Buffalo Bisons batting - Pitching for Worcester Red Sox : LHP Erik Guy
Batting: RHB Raúl Peña 0-0: Ball
1-0: Fly out, F9 (Flyball, 9D, EV 101.3 MPH)
Batting: RHB Hisashi Taniguchi 0-0: Ground out U3 (Groundball, 34S, EV 85.6 MPH)
Batting: RHB Juan Vázquez 0-0: Ball
1-0: Ball
2-0: SINGLE (Groundball, 4MD, EV 103.8 MPH)
Batting: RHB Sergio Romero 0-0: Ball
1-0: Ground out U3 (Groundball, 34, EV 91.3 MPH)
Bottom of the 3rd over - 0 runs, 1 hit, 0 errors, 1 left on base; Worcester 0 - Buffalo 0
TOP OF THE 4TH
Worcester Red Sox batting - Pitching for Buffalo Bisons : RHP Robbie Good
Batting: RHB Ron Walker 0-0: Ground out 5-3 (Groundball, 56, EV 102.5 MPH)
Batting: LHB Doug Cunningham 0-0: Ball
1-0: Foul Ball, location: 2F
1-1: Ball
2-1: Ball
3-1: Foul Ball, location: 2F
3-2: Foul Ball, location: 9LMF
3-2: Ground out 4-3 (Groundball, 34, EV 100.6 MPH)
Batting: LHB Ernesto Mata 0-0: Called Strike
0-1: Foul Ball, location: 2F
0-2: Ball
1-2: Fly out, F6 (Flyball, 56D, EV 90.0 MPH)
Top of the 4th over - 0 runs, 0 hits, 0 errors, 0 left on base; Worcester 0 - Buffalo 0
BOTTOM OF THE 4TH
Buffalo Bisons batting - Pitching for Worcester Red Sox : LHP Erik Guy
Batting: RHB Jeff Jones 0-0: Ball
1-0: Called Strike
1-1: Foul Ball, location: 9LDF
1-2: Ball
2-2: Ground out 6-3 (Groundball, 6, EV 87.5 MPH)
Batting: SHB Eustachio Tucci 0-0: Ground out 6-3 (Groundball, 6, EV 84.4 MPH)
Batting: RHB José Valadez 0-0: Ball
1-0: Ground out 6-3 (Groundball, 6, EV 84.4 MPH)
Bottom of the 4th over - 0 runs, 0 hits, 0 errors, 0 left on base; Worcester 0 - Buffalo 0
TOP OF THE 5TH
Worcester Red Sox batting - Pitching for Buffalo Bisons : RHP Robbie Good
Batting: RHB Bob Robinson 0-0: Ball
1-0: Foul Ball, location: 5FF
1-1: SINGLE (Line Drive, 6MD, EV 96.9 MPH)
Batting: RHB Norm Nelson 0-0: Called Strike
0-1: Called Strike
0-2: Foul Ball, location: 2F
0-2: Foul Ball, location: 3DF
0-2: Ball
1-2: Single, Error in OF, E7, batter to second base (Line Drive, 7S, EV 98.1 MPH)
Bob Robinson to third
Batting: SHB Rubén Díaz 0-0: Ball
1-0: Ball
2-0: Ball
3-0: Called Strike
3-1: Foul Ball, location: 9LSF
3-2: Base on Balls
Batting: RHB Israel Barrón 0-0: Ball
1-0: Called Strike
1-1: Grounds into double play, 5-2-3 (Groundball, 56, EV 83.1 MPH)
Norm Nelson to third
Rubén Díaz to second
Batting: RHB Jeremiah Price 0-0: Ground out 6-3 (Groundball, P, EV 89.4 MPH)
Top of the 5th over - 0 runs, 2 hits, 1 error, 2 left on base; Worcester 0 - Buffalo 0
BOTTOM OF THE 5TH
Buffalo Bisons batting - Pitching for Worcester Red Sox : LHP Erik Guy
Batting: SHB José Mora 0-0: Fly out, F9 (Line Drive, 9, EV 92.5 MPH)
Batting: RHB Doug Dixon 0-0: Called Strike
0-1: Ground out 4-3 (Groundball, 4, EV 84.4 MPH)
Batting: RHB Raúl Peña 0-0: Ground out 1-3 (Groundball, 15, EV 75.6 MPH)
Bottom of the 5th over - 0 runs, 0 hits, 0 errors, 0 left on base; Worcester 0 - Buffalo 0
TOP OF THE 6TH
Worcester Red Sox batting - Pitching for Buffalo Bisons : RHP Robbie Good
Batting: RHB Chris Smith 0-0: Ball
1-0: Foul Ball, location: 5F
1-1: Ball
2-1: Foul Ball, location: 5F
2-2: Fly out, F9 (Flyball, 89S, EV 99.4 MPH)
Batting: RHB Ron Walker 0-0: Ground out 6-3 (Groundball, 6, EV 63.1 MPH)
Batting: LHB Doug Cunningham 0-0: Called Strike
0-1: Reached on error, E6 (Groundball, 6M, EV 86.3 MPH)
Batting: LHB Ernesto Mata 0-0: Called Strike
0-1: Called Strike
0-2: DOUBLE (Flyball, 8RXD, EV 109.4 MPH)
Doug Cunningham to third
Runner from 3rd tries for Home, SAFE, no throw by CF
Batting: RHB Bob Robinson 0-0: Foul Ball, location: 23FF
0-1: Swinging Strike
0-2: Ball
1-2: Strikes out swinging
Top of the 6th over - 1 run, 1 hit, 1 error, 1 left on base; Worcester 1 - Buffalo 0
BOTTOM OF THE 6TH
Buffalo Bisons batting - Pitching for Worcester Red Sox : LHP Erik Guy
Batting: RHB Hisashi Taniguchi 0-0: Called Strike
0-1: Fly out, F4 (Line Drive, 4M, EV 64.4 MPH)
Batting: RHB Juan Vázquez 0-0: Ball
1-0: Ball
2-0: Called Strike
2-1: Foul Ball, location: 2F
2-2: Foul Ball, location: 3F
2-2: SINGLE (Line Drive, 9S, EV 93.8 MPH)
Batting: RHB Sergio Romero 0-0: Foul Ball, location: 2F
0-1: Ball
1-1: Fly out, F7 (Flyball, 78M, EV 92.5 MPH)
Batting: RHB Jeff Jones 0-0: Ball
1-0: Ball
2-0: Called Strike
2-1: Ball
3-1: Ground out 6-3 (Groundball, 4MS, EV 80.6 MPH)
Bottom of the 6th over - 0 runs, 1 hit, 0 errors, 1 left on base; Worcester 1 - Buffalo 0
TOP OF THE 7TH
Worcester Red Sox batting - Pitching for Buffalo Bisons : RHP Robbie Good
Batting: RHB Norm Nelson 0-0: Swinging Strike
0-1: Foul Ball, location: 2F
0-2: Ball
1-2: Foul Ball, location: 7LSF
1-2: Foul Ball, location: 5FF
1-2: Ball
2-2: SINGLE (Groundball, 6MD, EV 95.0 MPH)
Batting: SHB Rubén Díaz 0-0: Swinging Strike
0-1: Foul Ball, location: 3FF
0-2: Strikes out looking
Batting: RHB Israel Barrón 0-0: Called Strike
0-1: Foul Ball, location: 9LSF
0-2: Ball
1-2: Ball
2-2: Foul Ball, location: 2F
2-2: Strikes out swinging
Pitching: RHP Raúl Rivera
Batting: RHB Jeremiah Price 0-0: Swinging Strike
0-1: Ball
Norm Nelson steals 2nd base
1-1: Ball
2-1: Ball
3-1: Ground out 4-3 (Groundball, 4, EV 108.1 MPH)
Top of the 7th over - 0 runs, 1 hit, 0 errors, 1 left on base; Worcester 1 - Buffalo 0
BOTTOM OF THE 7TH
Buffalo Bisons batting - Pitching for Worcester Red Sox : LHP Erik Guy
Batting: SHB Eustachio Tucci 0-0: Ball
1-0: Ball
2-0: SINGLE (Groundball, 4MD, EV 95.0 MPH)
Batting: RHB José Valadez 0-0: Called Strike
0-1: Ball
1-1: Ball
2-1: Fly out, F5 (Popup, 5, EV 59.4 MPH)
Batting: SHB José Mora 0-0: SINGLE (Groundball, 34, EV 109.4 MPH)
Eustachio Tucci to second
Runner from 2nd tries for 3rd, SAFE, throw by RF made to third
Batting: RHB Doug Dixon 0-0: Fly out, F3 (Popup, 3F, EV 66.3 MPH)
Batting: RHB Raúl Peña 0-0: Swinging Strike
0-1: Ball
1-1: Foul Ball, location: 2RF
1-2: Foul Ball, location: 5FF
1-2: Ball
2-2: Foul Ball, location: 25F
2-2: Ground out 5-3 (Groundball, 5L, EV 106.3 MPH)
Bottom of the 7th over - 0 runs, 2 hits, 0 errors, 2 left on base; Worcester 1 - Buffalo 0
TOP OF THE 8TH
Worcester Red Sox batting - Pitching for Buffalo Bisons : RHP Raúl Rivera
Batting: LHB José Moreno 0-0: Ground out 4-3 (Groundball, 34D, EV 96.3 MPH)
Batting: RHB Ron Walker 0-0: Ball
1-0: Called Strike
1-1: Ball
2-1: Ball
3-1: Fly out, F8 (Flyball, 8LM, EV 93.1 MPH)
Batting: LHB Doug Cunningham 0-0: Foul Ball, location: 3SF
0-1: TRIPLE (Flyball, 89XD, EV 107.5 MPH)
Batting: LHB Ernesto Mata 0-0: Called Strike
0-1: Ball
1-1: Swinging Strike
1-2: Foul Ball, location: 5F
1-2: Strikes out swinging
Top of the 8th over - 0 runs, 1 hit, 0 errors, 1 left on base; Worcester 1 - Buffalo 0
BOTTOM OF THE 8TH
Buffalo Bisons batting - Pitching for Worcester Red Sox : LHP Erik Guy
Batting: RHB Hisashi Taniguchi 0-0: Ball
1-0: Called Strike
1-1: SINGLE (Groundball, 6MD, EV 95.6 MPH)
Batting: RHB Juan Vázquez 0-0: Ball
1-0: Ball
Wild Pitch!
Hisashi Taniguchi to second
2-0: Sac Bunt to 25 - play at first, batter OUT! 5-4
Hisashi Taniguchi to third
Batting: RHB Sergio Romero 0-0: Fly out, F9 (Flyball, 9D, EV 98.1 MPH)
Runner from 3rd tags up, OUT at HOME! 9-2
Bottom of the 8th over - 0 runs, 1 hit, 0 errors, 0 left on base; Worcester 1 - Buffalo 0
TOP OF THE 9TH
Worcester Red Sox batting - Pitching for Buffalo Bisons : RHP Raúl Rivera
Pitching: RHP Jim Snider
Batting: RHB Bob Robinson 0-0: Called Strike
0-1: Ball
1-1: Called Strike
1-2: Fly out, F9 (Flyball, 9S, EV 88.8 MPH)
Batting: RHB Norm Nelson 0-0: Ball
1-0: Called Strike
1-1: Foul Ball, location: 2F
1-2: Fly out, F8 (Flyball, 78S, EV 76.9 MPH)
Batting: SHB Rubén Díaz 0-0: Ball
1-0: Fly out, F5 (Popup, 5L, EV 61.9 MPH)
Top of the 9th over - 0 runs, 0 hits, 0 errors, 0 left on base; Worcester 1 - Buffalo 0
BOTTOM OF THE 9TH
Buffalo Bisons batting - Pitching for Worcester Red Sox : LHP Erik Guy
Pitching: RHP Manny Yan
Batting: RHB Jeff Jones 0-0: Ball
1-0: Foul Ball, location: 25F
1-1: Ball
2-1: Ball
3-1: Called Strike
3-2: Foul Ball, location: 2F
3-2: Strikes out swinging
Batting: SHB Eustachio Tucci 0-0: Called Strike
0-1: Foul Ball, location: 5SF
0-2: Strikes out swinging
Pinch Hitting: LHB Jeremy Young 0-0: Swinging Strike
0-1: Foul Ball, location: 7LSF
0-2: Ball
1-2: Foul Ball, location: 23F
1-2: SINGLE (Groundball, 6, EV 88.1 MPH)
Batting: SHB José Mora 0-0: Ball
1-0: Ball
2-0: Called Strike
2-1: SINGLE (Line Drive, 3D, EV 98.8 MPH)
Jeremy Young to second
Runner from 2nd tries for 3rd, SAFE, throw by RF made to third
Batting: RHB Doug Dixon 0-0: Called Strike
0-1: Ball
1-1: Foul Ball, location: 5FF
1-2: Foul Ball, location: 2F
1-2: Strikes out swinging
Bottom of the 9th over - 0 runs, 2 hits, 0 errors, 2 left on base; Worcester 1 - Buffalo 0
Monday, April 1st , 2024 - OOTP Baseball 24.10 Build 82